 Dungeon Crawl Stone Soup version 0.27.1-2-g3b301248ec (webtiles) character file.

Game seed: 13720621216254930372

397 Borgoz the Skirmisher (level 6, -6/40 HPs)
             Began as a Gargoyle Berserker on Sept 24, 2021.
             Was a Believer of Trog.
             Killed by divine providence
             ... invoked by an orc priest
              (13 damage)
             ... on level 4 of the Dungeon.
             The game lasted 00:04:22 (3022 turns).

Borgoz the Skirmisher (Gargoyle Berserker)          Turns: 3022, Time: 00:04:22

Health: -6/40      AC: 10    Str: 21    XL:     6   Next: 83%
Magic:  6/6        EV: 12    Int:  7    God:    Trog [**....]
Gold:   45         SH:  0    Dex: 11    Spells: 5/5 levels left

rFire    . . .     SeeInvis .   c - +0 flail
rCold    . . .     Faith    .   (no shield)
rNeg     + . .     Spirit   .   r - +0 troll leather armour {Purgy}
rPois    ∞         Reflect  .   n - +0 helmet
rElec    +         Harm     .   (no cloak)
rCorr    .         Rampage  .   (no gloves)
Will     ++...                  (no boots)
Stlth    +.........             l - amulet of regeneration
HPRegen  3.13/turn              (no ring)
MPRegen  0.10/turn              (no ring)

@: strong-willed, regenerating
A: sickness immunity, AC +4, negative energy resistance 1, electricity
resistance, torment resistance 1, petrification resistance
a: Renounce Religion, Berserk, Trog's Hand


You were on level 4 of the Dungeon.
You worshipped Trog.
Trog was pleased with you.
You visited 1 branch of the dungeon, and saw 4 of its levels.

You collected 153 gold pieces.
You spent 108 gold pieces at shops.

Inventory:

Hand Weapons
 c - a +0 flail (weapon)
Armour
 n - a +0 helmet (worn)
 r - a +0 troll leather armour (worn) {Purgy}
Jewellery
 l - an amulet of regeneration (around neck)
Scrolls
 b - a scroll of enchant armour {unknown}
 e - a scroll of enchant weapon {unknown}
 f - 2 scrolls of immolation {unknown}
 i - 3 scrolls of identify {unknown}
 j - a scroll of magic mapping {unknown}
 k - a scroll of amnesia {unknown}
 o - 2 scrolls of summoning
Potions
 a - a potion of invisibility {unknown}
 d - 2 potions of ambrosia {unknown}
 g - a potion of attraction {unknown}
 h - a potion of might {unknown}
 m - 2 potions of degeneration {unknown}
 p - a potion of brilliance {unknown}
 q - a potion of curing {unknown}
 s - a potion of haste {unknown}


   Skills:
 + Level 4.9 Fighting
 + Level 4.4 Maces & Flails
 + Level 4.3 Armour
 + Level 3.1 Dodging


You had 5 spell levels left.
You didn't know any spells.
Your spell library was empty.

Dungeon Overview and Level Annotations

Branches:
Dungeon (4/15)             Temple (0/1) D:4

Altars:

Shops:
D:3 *


Innate Abilities, Weirdness & Mutations

You are immune to sickness and miasma.
Your stone body is resilient. (AC +4)
You are immune to poison.
You resist negative energy. (rN+)
You are resistant to electric shocks. (rElec)
You are resistant to unholy torment.
You are immune to petrification.


Message History

You thump the orc!
You kill the orc!
Trog accepts your kill. The orc hits you but does no damage.
You hit the orc.
The orc is moderately wounded.
The orc misses you.
You closely miss the orc.
The orc is moderately wounded.
The orc hits you but does no damage.
You closely miss the orc.
The orc is moderately wounded.
The orc closely misses you.
You closely miss the orc.
The orc is moderately wounded.
The orc hits you but does no damage.
You hit the orc.
You kill the orc!
Trog accepts your kill.
An orc priest comes into view. It is wielding a +0 hand axe.
An orc and an orc priest come into view.
The orc shouts!
Items here: )) [ †.
You hit the orc priest.
The orc priest is moderately wounded.
The orc priest mumbles some strange prayers to Beogh against you.
Beogh smites you!
The orc priest invokes the aid of Beogh against you.
Beogh smites you!
The orc priest calls upon Beogh to heal the orc priest.
The orc priest's wounds heal themselves!
The orc priest mumbles some strange prayers to Beogh against you.
Beogh smites you!
* * * LOW HITPOINT WARNING * * *
Okay, then.
Your skin crawls.
You feel strong-willed.
The orc priest mumbles some strange prayers to Beogh against you.
Beogh smites you!
You die...

######### ...
....oo.o# ..
###@#
##.########.#.#
###.........>#.<#
...#.......###.#
###...######.#..#
#..#
#....#######..#.#
#..#
#.).............#
....
#..#########...##
#..# #..# #..#:#
#..#


You could see 2 orc priests and an orc.

Vanquished Creatures
  Sigmund (D:3)
  Purgy (D:4)
  A bullfrog skeleton (D:4)
  An orc wizard (D:3)
  A gnoll (D:1)
  3 adders (D:3)
  2 worms (D:2)
  A dart slug (D:1)
  4 orcs
  2 ball pythons
  2 bats
  3 endoplasms
  2 giant cockroaches
  5 hobgoblins
  2 quokkas
  5 frilled lizards
  5 goblins
  5 kobolds
  6 rats
52 creatures vanquished.

Vanquished Creatures (collateral kills)
  A bat (D:3)
1 creature vanquished.

Grand Total: 53 creatures vanquished

Notes
Turn   | Place    | Note
-------+----------+-------------------------------------------
     0 | D:1      | Borgoz the Gargoyle Berserker began the quest for the Orb.
     0 | D:1      | Reached XP level 1. HP: 14/14 MP: 1/1
   362 | D:1      | Reached XP level 2. HP: 14/19 MP: 2/2
   789 | D:1      | Reached XP level 3. HP: 18/23 MP: 3/3
  1685 | D:2      | Reached ** piety under Trog
  2253 | D:3      | Reached XP level 4. HP: 29/29 MP: 4/4
  2272 | D:3      | Found Kuphef's Assorted Antiques.
  2275 | D:3      | Noticed Sigmund
  2301 | D:3      | Killed Sigmund
  2302 | D:3      | Reached XP level 5. HP: 34/34 MP: 5/5
  2302 | D:3      | Reached XP level 6. HP: 39/39 MP: 6/6
  2322 | D:3      | Bought 3 scrolls labelled SEUTOI PESY for 81 gold pieces
  2322 | D:3      | Bought a scroll labelled SABADE CUL ZOEP for 27 gold pieces
  2876 | D:4      | Found a staircase to the Ecumenical Temple.
  2938 | D:4      | Noticed Purgy
  2945 | D:4      | Killed Purgy
  3022 | D:4      | Killed from afar by an orc priest

Illustrated notes

Levels and vault maps discovered:
D:1:      dpeg_arrival_windows_large_door, layout_basic,
          minmay_misc_feat_enclosed, minmay_misc_feat_tower
D:2:      wander_river, layout_basic, kennysheep_generic_room_10
D:3:      layout_loops_ring, serial_shops, nicolae_shop_statue_plus,
          uniq_sigmund
D:4:      layout_loops_ring, minmay_temple_entry_trees, minmay_rat_hole,
          uniq_ijyb, uniq_purgy

Skill      XL: |  1  2  3  4  5  6 |
---------------+-------------------+-----
Dodging        | 2 3 |  3.1
Armour         | 3 4 |  4.3
Fighting       | 4 |  4.9
Maces & Flails | 4 |  4.4

Action                   |  1- 3 |  4- 6 || total
-------------------------+-------+-------++-------
Melee: Mace              |    92 |     7 ||    99
       Flail             |       |    57 ||    57
Invok: Berserk           |     2 |     2 ||     4
       Trog's Hand       |       |     3 ||     3
  Use: Scroll            |       |     2 ||     2
 Stab: Sleeping          |     1 |     2 ||     3
Armor: Animal skin       |    28 |    20 ||    48
       Troll leather arm |       |     3 ||     3
Dodge: Dodged            |    47 |    33 ||    80
